 Dungeon Crawl Stone Soup version 0.26-a0-812-g31a745ddcd (webtiles) character file.

Game seed: 12134341385836543691

16058 dracos369 the Zephyrmancer (level 11, -6/74 HPs)
             Began as a Demigod Air Elementalist on Nov 30, 2020.
             Killed by divine providence
             ... invoked by an orc priest
             ... led by an orc knight
              (10 damage)
             ... on level 2 of the Orcish Mines.
             The game lasted 01:09:42 (17404 turns).

dracos369 the Zephyrmancer (DgAE)                  Turns: 17404, Time: 01:09:43

Health: -6/74      AC: 20    Str: 11    XL:     11   Next: 76%
Magic:  6/20       EV: 11    Int: 25    God:
Gold:   971        SH: 12    Dex: 16    Spells: 3/18 levels left

rFire    . . .     SeeInvis .   x - staff of air
rCold    + . .     Faith    .   F - +2 buckler
rNeg     . . .     Spirit   .   P - +2 ring mail {rC+}
rPois    .         Reflect  +   s - +1 helmet
rElec    +         Harm     .   R - +0 cloak
rCorr    +         Rampage  .   m - +2 pair of gloves
MR       +++..                  V - +0 pair of boots "Tare" {*Drain MR+ rCorr}
Stlth    +.........             L - amulet of reflection
HPRegen  0.22/turn              l - ring of protection from magic
MPRegen  0.17/turn              K - +4 ring of protection

@: no status effects
A: high mp 1
a: no special abilities


You were on level 2 of the Orcish Mines.
You visited 3 branches of the dungeon, and saw 14 of its levels.
You also visited: Sewer.

You collected 1515 gold pieces.
You spent 544 gold pieces at shops.

Inventory:

Missiles
 d - 3 silver boomerangs
 t - 11 boomerangs (quivered)
 G - 2 throwing nets
 M - 4 javelins
Armour
 m - a +2 pair of gloves (worn)
 s - a +1 helmet (worn)
 F - a +2 buckler (worn)
 O - the +0 chain mail of Servitude {rC+ Slay+3}
   (You found it on level 7 of the Dungeon)

   It affects your accuracy and damage with ranged weapons and melee attacks
   (+3).
   It protects you from cold.
 P - a +2 ring mail of cold resistance (worn)
 R - a +0 cloak (worn)
 V - the +0 pair of boots "Tare" (worn) {*Drain MR+ rCorr}
   (You bought it in a shop on level 9 of the Dungeon)

   It affects your resistance to hostile enchantments.
   It provides partial protection from all sources of acid and corrosion.
   It causes draining when unequipped.
Magical Staves
 x - an uncursed staff of air (weapon)
Jewellery
 l - a ring of protection from magic (left hand)
 K - a +4 ring of protection (right hand)
 L - an amulet of reflection (around neck)
Wands
 r - a wand of digging (3)
 u - a wand of flame (21)
 v - a wand of acid (29)
 w - a wand of enslavement (4)
 y - a wand of disintegration (15)
 D - a wand of paralysis (4)
 E - a wand of random effects (4)
Scrolls
 a - 2 scrolls of random uselessness {unknown}
 b - 6 scrolls of remove curse
 c - 2 scrolls of fear {unknown}
 f - 2 scrolls of magic mapping
 g - a scroll of blinking {unknown}
 h - 6 scrolls of immolation
 k - 4 scrolls of enchant armour
 C - 6 scrolls of teleportation
 H - 2 scrolls of noise {unknown}
 I - 2 scrolls of amnesia {unknown}
 J - 3 scrolls of fog {unknown}
 U - a scroll of acquirement {unknown}
Potions
 e - a potion of magic
 i - 5 potions of might
 j - 8 potions of flight
 n - 2 potions of mutation {unknown}
 o - 2 potions of brilliance {unknown}
 p - a potion of resistance {unknown}
 q - 7 potions of curing
 A - 2 potions of attraction
 B - a potion of haste {unknown}
 N - a potion of ambrosia {unknown}
 Q - a potion of lignification {unknown}
 S - a potion of berserk rage {unknown}
Miscellaneous
 T - a phial of floods


   Skills:
 + Level 7.1 Staves
 + Level 5.9 Armour
 - Level 1.7 Dodging
 - Level 1.7 Stealth
 - Level 4.0 Shields
 - Level 4.0 Spellcasting
 + Level 9.6 Conjurations
 + Level 10.0 Air Magic
 + Level 5.0 Evocations


You had 3 spell levels left.
You knew the following spells:

 Your Spells              Type           Power        Failure   Level
a - Airstrike             Air            ######....   3%          4
b - Lightning Bolt        Conj/Air       ######....   10%         5
d - Static Discharge      Conj/Air       ######..     1%          3
z - Shock                 Conj/Air       ####         1%          1
S - Swiftness             Air            ######..     1%          2

Your spell library contained the following spells:

 Spells                   Type           Power        Failure   Level


Dungeon Overview and Level Annotations

Branches:
Dungeon (11/15)            Temple (1/1) D:5             Orc (2/2) D:9
    Elf (0/3) Orc:2         Sewer (visited)
   Lair: D:8-11

Shops:
D:4 *:[   D:5 [   D:6 *   D:9 [   Orc:2 [}

Annotations:
D:7 2 transporters


Innate Abilities, Weirdness & Mutations

You have an increased reservoir of magic. (+10% MP)


Message History

The ogre shouts!
A troll comes into view.
The troll shouts!
An ogre comes into view. It is wielding a +0 giant club.
The ogre shouts!
You hear a shout! x5
You block the troll's attack. The troll barely misses you.
The troll claws you but does no damage.
You hear two shouts!
Found Cuts's Gadget Emporium.
Found a stone staircase leading up.
The ogre mage shouts!
The orc shouts!
A troll comes into view.
Found a staircase to the Elven Halls.
An ogre comes into view. It is wielding a +0 giant spiked club.
The two-headed ogre shouts in stereo!
The ogre shouts!
You hear a shout!
A deep troll comes into view.
Found Arruc's Antique Armour Shop.
An ogre comes into view. It is wielding a +0 giant club.
The orc priest mumbles some strange prayers to Beogh against you.
Beogh smites you!
You die...

.......o....O..
....T..o........
..>...O.........#
.................
.......o..O......
....O<...........
.................
.......@.........
.........OO...##.
........#T.......
....∩...#..#....T
...........# #.##
..........## #
...........
.......O...
.....∩....#


You could see a two-headed ogre, an ogre mage, a deep troll, a troll, 5 ogres,
an orc priest and 2 orcs.

Vanquished Creatures
  Erolcha (D:10)
  An ogre mage (Orc:2)
  5 two-headed ogres
  Nergalle (Orc:1)
  A deep troll (Orc:2)
  Joseph (D:9)
  A centaur skeleton (D:10)
  A gargoyle (D:10)
  3 trolls
  Prince Ribbit (D:9)
  Grinder (D:6)
  A slime creature (D:10)
  A spriggan (D:9)
  A wyvern (D:10)
  8 yaks (D:10)
  A soldier ant (D:6)
  Purgy (Sewer)
  7 orc warriors
  A phantom (D:4)
  21 ogres
  2 ice beasts
  3 sky beasts
  An eye of draining (D:10)
  2 necrophages
  2 centaurs (D:10)
  2 big kobolds (D:7)
  6 bullfrogs
  A gnoll sergeant (D:10)
  A water moccasin skeleton (D:5)
  3 scorpions
  4 killer bees (D:8)
  A wight (D:10)
  7 howler monkeys
  A bullfrog zombie (D:10)
  11 orc priests
  4 hounds
  5 jellies
  A quasit (D:5)
  Crazy Yiuf (D:7)
  5 gnoll shamans (D:7)
  2 iguanas
  15 orc wizards
  Jessica (D:2)
  Terence (D:3)
  Natasha (thrice) (D:3)
  3 worker ants
  A killer bee zombie (D:10)
  A hound skeleton (D:10)
  A howler monkey zombie (D:9)
  Robin (D:3)
  2 worker ant zombies
  16 adders
  15 gnolls
  A shadow imp (D:5)
  2 white imps
  2 ufetubi (D:8)
  3 oozes
  2 adder skeletons
  3 worms
  A dart slug (D:1)
  4 leopard geckos
  71 orcs
  4 ball pythons
  6 giant cockroaches
  19 goblins
  6 hobgoblins
  5 jackals
  7 quokkas
  6 bats
  10 frilled lizards
  8 kobolds
  A leopard gecko zombie (D:7)
  A quokka skeleton (D:8)
  13 rats
359 creatures vanquished.

Vanquished Creatures (others)
  6 fungi (D:7)
  5 plants (D:7)
11 creatures vanquished.

Grand Total: 370 creatures vanquished

Notes
Turn   | Place    | Note
-------+----------+-------------------------------------------
     0 | D:1      | dracos369 the Demigod Air Elementalist began the quest for
                  | the Orb.
     0 | D:1      | Reached XP level 1. HP: 14/14 MP: 5/5
    89 | D:1      | Reached skill level 1 in Conjurations
   385 | D:1      | Reached XP level 2. HP: 20/20 MP: 5/7
   503 | D:1      | Reached skill level 3 in Air Magic
  1185 | D:1      | Learned a level 2 spell: Swiftness
  1378 | D:2      | Noticed Jessica
  1384 | D:2      | Killed Jessica
  1384 | D:2      | Reached XP level 3. HP: 10/26 MP: 5/8
  1805 | D:2      | Reached XP level 4. HP: 26/33 MP: 3/10
  2087 | D:2      | Learned a level 4 spell: Airstrike
  3076 | D:3      | Reached skill level 4 in Air Magic
  3076 | D:3      | Reached XP level 5. HP: 38/38 MP: 11/11
  3086 | D:3      | Noticed Robin
  3109 | D:3      | Killed Robin
  3115 | D:3      | Found a bloodstained altar of Trog.
  3411 | D:3      | Found a shadowy altar of Dithmenos.
  3411 | D:3      | Found a burning altar of Makhleb.
  3411 | D:3      | Found a hide-covered altar of Uskayaw.
  3411 | D:3      | Found a white marble altar of Elyvilon.
  3424 | D:3      | Found a stormy altar of Qazlal.
  3560 | D:3      | Noticed Natasha
  3564 | D:3      | Killed Natasha
  3690 | D:3      | Noticed Terence
  3699 | D:3      | Killed Terence
  3821 | D:3      | Noticed Natasha
  3831 | D:3      | Killed Natasha
  3951 | D:3      | Reached XP level 6. HP: 45/45 MP: 6/13
  4030 | D:3      | Learned a level 3 spell: Static Discharge
  4053 | D:3      | Noticed Natasha
  4058 | D:3      | Killed Natasha
  4486 | D:4      | Reached skill level 5 in Air Magic
  4714 | D:4      | Reached XP level 7. HP: 50/50 MP: 1/15
  4981 | D:4      | Found Pitemuakk's Armour Shoppe.
  4986 | D:4      | Bought a cursed +0 pair of boots for 35 gold pieces
  5030 | D:4      | Found Nuyth's Book Shoppe.
  5120 | D:4      | Found Kiemeabb's Assorted Antiques.
  5126 | D:4      | Reached skill level 5 in Conjurations
  5149 | D:4      | Bought a runed iron wand for 104 gold pieces
  5149 | D:4      | Bought a fizzy blue potion for 23 gold pieces
  5149 | D:4      | Bought a glowing silvery potion for 23 gold pieces
  5149 | D:4      | Bought a sapphire potion for 23 gold pieces
  5842 | D:5      | Entered Level 5 of the Dungeon
  5868 | D:5      | Reached skill level 1 in Evocations
  5923 | D:5      | Reached skill level 6 in Air Magic
  6180 | D:5      | Reached XP level 8. HP: 57/57 MP: 8/17
  6261 | D:5      | Found Zogiduih's Antique Armour Emporium.
  6292 | D:4      | Bought an emerald potion for 23 gold pieces
  6521 | D:5      | Found a staircase to the Ecumenical Temple.
  6571 | D:5      | Found an iron altar of Okawaru.
  7265 | Temple   | Entered the Ecumenical Temple
  7514 | D:6      | Found Wiegann's Elemental Accessories.
  7531 | D:6      | Found a glowing drain.
  7684 | Sewer    | Entered a sewer
  7847 | Sewer    | Noticed Purgy
  7857 | Sewer    | Killed Purgy
  7857 | Sewer    | Reached skill level 1 in Staves
  8160 | D:6      | Noticed Grinder
  8172 | D:6      | Killed Grinder
  8172 | D:6      | Reached skill level 7 in Air Magic
  8573 | D:6      | Found a glowing golden altar of the Shining One.
  8806 | D:6      | Learned a level 5 spell: Lightning Bolt
  9005 | D:7      | Reached XP level 9. HP: 62/62 MP: 0/18
  9202 | D:7      | Found a shadowy altar of Dithmenos.
  9317 | D:7      | Got a masterwork chain mail
  9358 | D:7      | Identified the cursed +0 chain mail of Servitude {rC+
                  | Slay+3} (You found it on level 7 of the Dungeon)
  9389 | D:7      | Reached skill level 1 in Shields
 10223 | D:7      | Found an ancient bone altar of Kikubaaqudgha.
 10223 | D:7      | Noticed a catoblepas
 10225 | D:7      | Found a transporter.
 10235 | D:7      | Found a transporter.
 10291 | D:7      | Found a runed translucent door.
 10292 | D:7      | Noticed Crazy Yiuf
 10801 | D:7      | Killed Crazy Yiuf
 10953 | D:8      | Reached skill level 8 in Air Magic
 11731 | D:8      | Found a runed translucent door.
 11742 | D:8      | Reached skill level 1 in Armour
 12430 | D:8      | Found a roughly hewn altar of Beogh.
 12599 | D:9      | Reached XP level 10. HP: 64/69 MP: 16/19
 12859 | D:9      | Noticed Prince Ribbit
 12865 | D:9      | Killed Prince Ribbit
 13028 | D:9      | Noticed Joseph
 13043 | D:9      | Killed Joseph
 13277 | D:9      | Found Viqic's Antique Armour Shoppe.
 13286 | D:9      | Found a staircase to the Orcish Mines.
 13293 | D:9      | Bought a pair of encrusted boots for 313 gold pieces
 13303 | D:9      | Identified the cursed +0 pair of boots "Tare" {*Drain MR+
                  | rCorr} (You bought it in a shop on level 9 of the Dungeon)
 13851 | D:10     | Entered Level 10 of the Dungeon
 13988 | D:10     | Reached skill level 5 in Staves
 14064 | D:10     | HP: 2/69 [ogre/+0 giant club (16)]
 14085 | D:10     | HP: 3/69 [centaur warrior skeleton (3)]
 14096 | D:10     | HP: 2/69 [gnoll sergeant/+0 trident (2)]
 14099 | D:10     | Reached skill level 9 in Air Magic
 14127 | D:10     | Noticed Erolcha
 14301 | D:10     | Noticed a two-headed ogre
 14313 | D:10     | Killed a two-headed ogre
 14926 | D:11     | Noticed a two-headed ogre
 14928 | D:11     | Killed a two-headed ogre
 14928 | D:11     | Reached XP level 11. HP: 42/74 MP: 5/20
 15078 | D:10     | Killed Erolcha
 15259 | D:10     | Noticed a two-headed ogre
 15271 | D:10     | Killed a two-headed ogre
 15576 | D:10     | Reached skill level 5 in Armour
 15989 | Orc:1    | Entered Level 1 of the Orcish Mines
 16005 | Orc:1    | Noticed Nergalle
 16021 | Orc:1    | Killed Nergalle
 16571 | Orc:2    | Entered Level 2 of the Orcish Mines
 16828 | Orc:2    | Noticed a two-headed ogre
 16828 | Orc:2    | Noticed an ogre mage
 16829 | Orc:2    | Noticed a two-headed ogre
 16832 | Orc:2    | Noticed a two-headed ogre
 17196 | Orc:2    | Noticed a deep troll
 17205 | Orc:2    | Killed a deep troll
 17329 | Orc:2    | Noticed an ogre mage
 17332 | Orc:2    | Noticed a two-headed ogre
 17335 | Orc:2    | Noticed a two-headed ogre
 17339 | Orc:2    | Killed an ogre mage
 17357 | Orc:2    | Killed a two-headed ogre
 17357 | Orc:2    | Reached skill level 10 in Air Magic
 17394 | Orc:2    | Killed a two-headed ogre
 17394 | Orc:2    | Reached skill level 5 in Evocations
 17399 | Orc:2    | HP: 3/74 [orc priest/+0 hand axe (5)]
 17401 | Orc:2    | Found Cuts's Gadget Emporium.
 17402 | Orc:2    | Found a staircase to the Elven Halls.
 17403 | Orc:2    | Found Arruc's Antique Armour Shop.
 17403 | Orc:2    | Noticed a deep troll
 17404 | Orc:2    | Killed from afar by an orc priest

Illustrated notes

Levels and vault maps discovered:
D:1:      dpeg_arrival_simpleton_c, layout_basic, chequers_serial_rivers_micro_c
D:2:      layout_basic, uniq_jessica
D:3:      layout_basic, minitemple, uniq_natasha, uniq_robin, uniq_terence
D:4:      layout_basic, serial_shops, shop_coins, shop,
          nicolae_shop_window_shopping
D:5:      layout_loops_ring, okawaru_metal_pillars_1_2,
          minmay_temple_entry_antechambers, serial_shops, shop,
          minmay_quadrilaterals
D:6:      layout_rooms, gup_sewer_entry_glass, nicolae_elemental_shop,
          minmay_crystal_room, tso_metal_star, uniq_grinder
D:7:      kennysheep_seaside_town, layout_basic,
          gammafunk_temple_overflow_arena, nicolae_dithmenos_shadow_blocks,
          uniq_crazy_yiuf_cottage
D:8:      layout_loops_ring, lightli_church_of_beogh
D:9:      layout_basic, orc_0_dummy, serial_shops, shop, the_bakery,
          uniq_prince_ribbit1, uniq_joseph
D:10:     minmay_cornered_nines, layout_layer_cave, uniq_erolcha
D:11:     layout_roguey, david_lair_shrubbed, minmay_ruined_shrine
Temple:   eino_temple_water
Orc:1:    layout_caves, uniq_nergalle
Orc:2:    st_orc_open, layout_caves

Skill      XL: |  1  2  3  4  5  6  7  8  9 10 11 |
---------------+----------------------------------+-----
Conjurations   | 1 2 3 4 5 6 7 8 9 |  9.6
Air Magic      | 3 4 5 6 7 8 9 10 | 10.0
Spellcasting   | 2 3 4 |  4.0
Evocations     | 1 3 5 |  5.0
Staves         | 2 4 6 7 |  7.1
Shields        | 4 |  4.0
Armour         | 1 4 5 |  5.9
Dodging        | |  1.7
Stealth        | |  1.7

Action                   |  1- 3 |  4- 6 |  7- 9 | 10-12 || total
-------------------------+-------+-------+-------+-------++-------
Melee: Short sword       |     1 |    33 |    10 |       ||    44
       Whip              |     3 |    53 |       |       ||    56
       Staff             |       |       |   279 |   199 ||   478
Throw: Stone             |     1 |       |       |       ||     1
       Boomerang         |       |       |     2 |       ||     2
 Cast: Shock             |    64 |   111 |   118 |    60 ||   353
       Static Discharge  |       |     2 |    28 |    53 ||    83
       Airstrike         |       |       |    53 |    28 ||    81
       Lightning Bolt    |       |       |     1 |     7 ||     8
       Swiftness         |       |       |       |     2 ||     2
Evoke: Wand              |       |       |       |     3 ||     3
  Use: Scroll            |       |     7 |     7 |     4 ||    18
       Potion            |       |       |     1 |     9 ||    10
 Stab: Sleeping          |     1 |     3 |     4 |     1 ||     9
       Paralysed         |       |       |       |     8 ||     8
Armor: Leather armour    |       |    34 |    85 |       ||   119
       Ring mail         |       |       |    46 |    72 ||   118
Dodge: Dodged            |     5 |    77 |   171 |   102 ||   355
Block: Other             |       |       |     2 |       ||     2
       Buckler           |       |       |    78 |   172 ||   250
       Reflection        |       |       |     3 |     6 ||     9

Table legend: (Time is in decaauts)
 A = Elapsed time spent in this place.
 B = Non-inter-level travel time spent in this place.
 C = Inter-level travel time spent in this place.
 D = Time resting spent in this place.
 E = Time spent auto-exploring this place.
 F = Levels seen in this place.
 G = Mean time per level.
                   A        B        C        D        E       F      G
               +--------+--------+--------+--------+--------+-----+--------+
         Total |  17459 |  16732 |    727 |   2587 |  11760 |  15 | 1163.9 |
       Dungeon |  15404 |  14717 |    687 |   2365 |  10232 |  11 | 1400.4 |
        Temple |    224 |    210 |     14 |      0 |    209 |   1 |  224.0 |
  Orcish Mines |   1406 |   1380 |     26 |    166 |   1008 |   2 |  703.0 |
         Sewer |    423 |    423 |      0 |     56 |    310 |   1 |  423.0 |
               +--------+--------+--------+--------+--------+-----+--------+

Top non-repeatable levels by time:
     D:7: 2019 daAuts
     D:2: 1777 daAuts
     D:9: 1659 daAuts
     D:8: 1580 daAuts
     D:4: 1511 daAuts
    D:10: 1492 daAuts
     D:5: 1411 daAuts
     D:3: 1390 daAuts
     D:1: 1224 daAuts
     D:6: 1031 daAuts
   Orc:1: 812 daAuts
   Orc:2: 594 daAuts
   Sewer: 423 daAuts
    D:11: 306 daAuts
  Temple: 224 daAuts
